Map: Moondance

Players

Rob

  • Race: Protoss Protoss
  • Spawn Location: 6:00

binski - Winner!

  • Race: Terran Terran
  • Spawn Location: 12:00

Event: DreamHack SC2 Masters 2022 Atlanta (Offline)

VOD

Have the link to the VOD?

Description

Time

  • Played on: Nov. 18, 2022, 12:07 p.m.
  • Length: 7:19

All games in this series

Show
View Real Time Build Order
Export as new Build Order

Rob Protoss 

Build Orders: Blink Stalkers 

Get SALT Encoding   

  12  0:00  Probe  
  13  0:12  Probe  
  14  0:18  Pylon  
  14  0:24  Probe  
  15  0:31  Pylon  
  15  0:36  Probe (Chrono Boost)  
  16  0:46  Probe (Chrono Boost)  
  17  0:50  Gateway  
  17  0:51  Probe (Chrono Boost)  
  18  1:02  Assimilator  
  19  1:09  Gateway  
  18  1:12  Probe  
  19  1:24  Probe  
  20  1:35  Zealot (Chrono Boost)  
  20  1:36  Probe  
  20  1:38  Cybernetics Core  
  23  1:44  Pylon  
  23  1:56  Zealot (Chrono Boost)  
  23  1:58  Zealot (Chrono Boost)  
  27  2:05  Gateway  
  27  2:19  Shield Battery  
  27  2:20  Stalker (Chrono Boost)  
  27  2:35  Probe  
  29  2:46  Nexus, Warp Gate (Chrono Boost)  
  29  2:52  Probe  
  29  2:57  Assimilator  
  30  3:02  Stalker  
  30  3:05  Probe  
  31  3:11  Twilight Council  
  31  3:17  Probe  
  31  3:29  Probe  
  28  3:41  Gateway, Probe  
  29  3:43  Blink (Chrono Boost)  
  29  3:53  Probe  
  30  4:00  Probe  
  31  4:05  Probe  
  32  4:12  Probe  
  33  4:17  Probe  
  34  4:24  Probe  
  34  4:27  Robotics Facility  
  27  4:37  Stalker  
  29  4:45  Probe  
  27  4:56  Probe  
  27  4:57  Probe  
  26  5:15  Observer (Chrono Boost), Probe x2  
  28  5:27  Stalker  
  27  5:45  Probe (Chrono Boost)  
  27  5:48  Probe (Chrono Boost)  
  30  5:57  Probe (Chrono Boost)  
  30  6:02  Probe (Chrono Boost)  
  16  6:04  Probe (Chrono Boost)  
  16  6:08  Observer (Chrono Boost)  
  16  6:10  Probe  
  18  6:13  Probe  
  19  6:22  Probe  
  20  6:31  Probe (Chrono Boost)  
  19  6:36  Probe (Chrono Boost)  
  20  6:45  Probe (Chrono Boost)  
  21  6:47  Probe (Chrono Boost)  
  22  6:55  Probe  
  22  6:59  Probe  
  24  7:07  Probe  
Show
View Real Time Build Order
Export as new Build Order

binski Terran - Winner!

Build Orders:  

Get SALT Encoding   

  12  0:00  SCV  
  13  0:12  SCV  
  14  0:24  SCV  
  14  0:25  Supply Depot  
  15  0:38  Refinery  
  15  0:47  SCV, Barracks  
  16  0:54  Refinery  
  16  0:59  SCV  
  17  1:11  SCV  
  18  1:24  SCV  
  19  1:34  Factory, Marine  
  20  1:40  Orbital Command  
  20  1:50  Supply Depot  
  20  1:55  Barracks Reactor  
  21  2:13  Bunker  
  21  2:20  Supply Depot  
  18  2:36  Starport  
  19  2:46  Hellion  
  19  2:49  Hellion  
  22  2:52  SCV  
  24  3:07  Widow Mine  
  25  3:14  Armory  
  25  3:30  Medivac, Widow Mine  
  25  3:32  Widow Mine  
  29  3:34  SCV  
  30  3:45  Supply Depot  
  30  3:47  SCV, Barracks Tech Lab  
  31  3:56  Widow Mine  
  31  3:59  SCV  
  34  4:07  Medivac  
  36  4:11  SCV  
  36  4:13  Marine  
  36  4:15  Widow Mine  
  40  4:23  SCV  
  41  4:27  Widow Mine  
  43  4:35  SCV, Marine  
  45  4:44  Widow Mine  
  45  4:52  Widow Mine  
  47  4:53  Supply Depot  
  45  5:05  Widow Mine  
  47  5:11  Stimpack  
  47  5:12  Supply Depot  
  47  5:14  Marine  
  47  5:15  SCV  
  49  5:23  Command Center  
  49  5:29  SCV  
  49  5:32  Hellion, Marauder  
  54  5:42  SCV  
  53  5:47  Bunker  
  49  5:54  SCV, Marauder  
  52  6:06  SCV  
  53  6:13  Widow Mine x2  
  53  6:15  Marauder  
  53  6:18  SCV  
  56  6:32  Barracks  
  52  6:35  Barracks  
  52  6:38  Widow Mine  
  54  6:42  Widow Mine  
  54  6:44  SCV  
  53  6:53  Bunker, Marauder  
  55  6:56  SCV  
Tags
 
Add a new tag
Caveats
  • Supply blocks, unpowered buildings, or Contaminate may cause inaccurate times.
  • Supply counts are checked every 10 seconds.